 Dungeon Crawl Stone Soup version 0.31.0-1-g2c135a0 (webtiles) character file.

Game seed: 3309274984960376721

251 smazza the Gusty (level 6, -8/33 HPs)
             Began as a Tengu Air Elementalist on Mar 8, 2024.
             Killed from afar by Ijyb (14 damage)
             ... with an iceblast
             ... on level 3 of the Dungeon.
             The game lasted 00:12:43 (2391 turns).

smazza the Gusty (Tengu Air Elementalist)           Turns: 2391, Time: 00:12:44

Health: -8/33      AC:  3    Str:  8    XL:     6   Next: 13%
Magic:  4/11       EV: 27    Int: 18    God:
Gold:   176        SH:  0    Dex: 14    Spells: 5/11 levels left

rFire   . . .        e - +0 short sword
rCold   . . .        (no shield)
rNeg    . . .        q - +0 leather armour
rPois   .            (helmet restricted)
rElec   .            (no cloak)
rCorr   .            (no gloves)
SInv    .            (boots unavailable)
Will    .....        (no amulet)
Stlth   ++           (no ring)
HPRegen 0.25/turn    (no ring)
MPRegen 0.12/turn

%: acrobat
@: acrobatic
A: beak, talons 3, acrobatic
a: no special abilities


You were on level 3 of the Dungeon.
You visited 1 branch of the dungeon, and saw 3 of its levels.

You collected 176 gold pieces.

Inventory:

Hand Weapons
 c - a +0 spear
 e - a +0 short sword (weapon)
 s - a +0 rapier
Armour
 a - a +0 robe
 q - a +0 leather armour (worn)
Scrolls
 f - 3 scrolls of identify {unknown}
 g - 2 scrolls of teleportation {unknown}
 j - a scroll of acquirement {unknown}
 k - a scroll of summoning {unknown}
 n - a scroll of blinking {unknown}
 p - a scroll of poison {unknown}
 r - 4 scrolls of immolation {unknown}
 u - a scroll of enchant armour {unknown}
Potions
 b - a potion of magic
 d - 2 potions of ambrosia {unknown}
 h - a potion of berserk rage {unknown}
 i - a potion of heal wounds {unknown}
 l - a potion of degeneration {unknown}
 m - 2 potions of resistance {unknown}
 o - a potion of curing {unknown}
 t - a potion of enlightenment {unknown}


   Skills:
 + Level 0.4 Fighting
 + Level 2.4 Dodging
 - Level 2.0 Stealth
 + Level 3.0 Spellcasting
 * Level 4.8 Conjurations
 * Level 6.2 Air Magic


You had 5 spell levels left.
You knew the following spells:

 Your Spells              Type           Power      Damage    Failure   Level
a - Shock                 Conj/Air       88%        1d8       2%          1
b - Static Discharge      Conj/Air       44%        3-5/arc   3%          2
c - Swiftness             Air            25%        N/A       5%          3

Your spell library contained the following spells:

 Spells                   Type           Power      Damage    Failure   Level
 Airstrike                Air            12%        2d(2-18)  19%         4


Dungeon Overview and Level Annotations

Branches:
Dungeon (3/15)

Altars:
Yredelemnul

Annotations:
D:3 Ijyb


Innate Abilities, Weirdness & Mutations

You have a beak for a mouth.
You have claws for feet.
You can magically evade attacks while moving or waiting.


Message History

The zap hits the orc.
The orc is heavily wounded.
The zap misses the goblin.
The zap hits the ball python.
You kill the ball python!
The hound bites you. The hound barely misses you.
Aiming: Shock (safe; 2% risk of failure)
Press: ? - help, Q - select action, (/) - cycle Shift-Dir - straight line The zap hits the hound.
The hound is heavily wounded.
The zap hits the orc.
You kill the orc!
The zap hits the jackal but does no damage.
The zap misses the jackal.
The hound bites you.
Aiming: Shock (safe; 2% risk of failure)
Press: ? - help, Q - select action, (/) - cycle Shift-Dir - straight line, f - goblin
Aim: a goblin, wielding a +0 club (67% to hit)
The zap hits the hound.
The hound is severely wounded.
The zap hits the jackal.
The jackal is severely wounded.
The zap hits the goblin.
You kill the goblin!
The hound barely misses you. x2
Your Spellcasting skill increases to level 3!
Aiming: Shock (safe; 2% risk of failure)
Press: ? - help, Q - select action, (/) - cycle Shift-Dir - straight line, f - hound
Aim: a hound (severely wounded, 64% to hit)
The zap hits the hound.
You kill the hound!
The zap hits the jackal.
You kill the jackal!
You have reached level 6!
Ijyb the Twisted Goblin comes into view.
She is wielding a +0 club and carrying a wand of iceblast.
Ijyb shouts!
Ijyb zaps a wand.
The mass of ice explodes!
The iceblast engulfs you!!
Ouch! That really hurt!
* * * LOW HITPOINT WARNING * * *
Ijyb zaps a wand.
The mass of ice explodes!
The iceblast engulfs you!
You die...

###.# .#.#.#..##.#........ #.#
#...........#######.. #.#
#.................... #.##
#...###..........#... #..# #...#
#.########.#... ##.# #...###.#
##.# #.### #...##..# #.. #.†.###
#...#...# ###
###...####..<@...########+####
######....##....#.....g..†)).†...
#...............>..####.###.##.#.
#.#########.....#..# #.# #.##.#)
#.....##... ..g $...h..
#.....##.##.###.##.#.#.
#.######.... .....).#. #.# #.##
.# .#.#.#. #.# #. .. ....#...


You could see Ijyb.

Vanquished Creatures
  A hound (D:3)
  2 orc priests
  3 orc wizards (D:2)
  A gnoll (D:1)
  An adder (D:3)
  A dart slug (D:3)
  2 ribbon worms
  3 orcs
  5 ball pythons
  3 endoplasms
  A giant cockroach (D:1)
  5 goblins
  10 hobgoblins
  A jackal (D:3)
  5 quokkas
  4 bats
  3 frilled lizards
  3 kobolds (D:1)
  12 rats
66 creatures vanquished.

Notes
Turn   | Place    | Note
-------+----------+-------------------------------------------
     0 | D:1      | smazza the Tengu Air Elementalist began the quest for the
                  | Orb.
     0 | D:1      | Reached XP level 1. HP: 10/10 MP: 4/4
    24 | D:1      | Reached XP level 2. HP: 3/15 MP: 1/6
   288 | D:1      | Learned a level 2 spell: Static Discharge
   387 | D:1      | Reached XP level 3. HP: 19/19 MP: 2/7
   469 | D:1      | Learned a level 3 spell: Swiftness
  1179 | D:2      | Reached skill level 5 in Air Magic
  1539 | D:2      | Reached XP level 4. HP: 18/24 MP: 3/8
  1615 | D:2      | Reached XP level 5. HP: 17/28 MP: 0/10
  2244 | D:3      | Reached skill level 6 in Air Magic
  2279 | D:3      | Found a basalt altar of Yredelemnul.
  2384 | D:3      | Reached XP level 6. HP: 28/33 MP: 3/11
  2384 | D:3      | Noticed Ijyb
  2391 | D:3      | Killed from afar by Ijyb

Illustrated notes

Levels and vault maps discovered:
D:1:      roderic_octagonal_star, layout_rooms, hangedman_decor_points,
          st_stairs_2, minmay_misc_feat_ornament
D:2:      layout_basic
D:3:      layout_basic, mainiacjoe_overflow_tiny_flanked,
          hellmonk_ecumenical_altar_inner_sanctum, minmay_diced_spiral,
          uniq_ijyb, uniq_terence

Skill      XL: |  1  2  3  4  5 |
---------------+----------------+-----
Conjurations   | 2 3 4 |  4.8
Air Magic      | 5 6 |  6.2
Spellcasting   | 3 |  3.0
Fighting       | |  0.4
Dodging        | |  2.4
Stealth        | |  2.0

Action                     |  1- 3 |  4- 6 || total
---------------------------+-------+-------++-------
  Melee: Short sword       |    31 |     7 ||    38
         Kick              |     7 |     2 ||     9
         Peck              |     5 |     1 ||     6
         Spear             |     1 |       ||     1
   Cast: Shock             |    57 |    40 ||    97
   Stab: Sleeping          |     4 |       ||     4
 Armour: Robe              |    10 |     5 ||    15
         Leather armour    |       |     7 ||     7
  Dodge: Dodged            |    28 |    19 ||    47
